 Dungeon Crawl Stone Soup version 0.32-a0-675-gdc239d62e1 (webtiles) character file.

Game seed: 2194852772214514196

630 AeshMezareph the Shooter (level 7, -1/56 HPs)
             Began as a Barachi Hunter on Mar 11, 2024.
             Succumbed to a scorpion's poison
             ... on level 6 of the Dungeon.
             The game lasted 00:08:48 (3788 turns).

AeshMezareph the Shooter (Barachi Hunter)           Turns: 3788, Time: 00:08:49

Health: -1/56      AC:  4    Str: 12    XL:     7   Next: 48%
Magic:  1/7        EV: 14    Int: 10    God:
Gold:   199        SH:  0    Dex: 17    Spells: 6/6 levels left

rFire   . . .        a - +0 shortbow
rCold   . . .        (shield currently unavailable)
rNeg    . . .        c - +0 leather armour
rPois   .            (no helmet)
rElec   .            (no cloak)
rCorr   .            (no gloves)
SInv    .            s - +0 pair of boots
Will    +....        p - amulet of guardian spirit
Stlth   ++           i - ring of willpower
HPRegen 0.29/turn    (no ring)
MPRegen 0.10/turn

%: guardian spirit
@: lethally poisoned (-1 -> -17), slow
A: amphibious, slowness 1, strong legs 1, +LOS
a: Hop


You were on level 6 of the Dungeon.
You visited 1 branch of the dungeon, and saw 6 of its levels.

You collected 199 gold pieces.

Inventory:

Hand Weapons
 a - a +0 shortbow (weapon)
Armour
 c - a +0 leather armour (worn)
 s - a +0 pair of boots (worn)
Magical Staves
 n - a staff of fire
Jewellery
 i - a ring of willpower (left hand)
 p - an amulet of guardian spirit (around neck)
Scrolls
 b - a scroll of butterflies
 e - 5 scrolls of identify {unknown}
 f - a scroll of noise {unknown}
 h - a scroll of acquirement {unknown}
 k - a scroll of revelation {unknown}
 l - a scroll of torment {unknown}
 m - a scroll of fear {unknown}
 o - a scroll of poison {unknown}
Potions
 d - a potion of curing
 g - a potion of attraction
 r - a potion of might {unknown}


   Skills:
 + Level 5.1 Fighting
 + Level 5.6 Ranged Weapons
 + Level 4.8 Dodging
 + Level 3.8 Stealth


You had 6 spell levels left.
You didn't know any spells.
Your spell library contained the following spells:

 Spells                   Type           Power      Damage    Failure   Level
 Magic Dart               Conj           0%         1d3       43%         1
 Sting                    Conj/Alch      0%         1d3       43%         1
 Mercury Vapours          Alch/Air       0%         N/A       58%         2
 Searing Ray              Conj           0%         2d4       58%         2
 Fulminant Prism          Conj/Alch      0%         3d5       99%         4
 Olgreb's Toxic Radiance  Alch           0%         N/A       99%         4


Dungeon Overview and Level Annotations

Branches:
Dungeon (6/15)
 Temple: D:4-7

Altars:
Ashenzari
Xom

Annotations:
D:4 2 runed translucent doors, aspa's ghost, amateur OpHW
D:5 Edmund
D:6 1 runed translucent door


Innate Abilities, Weirdness & Mutations

You are amphibious.
You cover ground slowly.
You can hop short distances.
You have an extended range of vision and can be seen from far away.


Message History

The iguana barely misses you. The iguana misses you.
You shoot an arrow. The arrow hits the iguana!
The iguana is almost dead.
The iguana bites you!
* * * LOW HITPOINT WARNING * * *
The iguana closely misses you.
You shoot an arrow.
The arrow hits the iguana but does no damage.
The iguana is almost dead.
The iguana completely misses you.
You shoot an arrow. The arrow barely misses the iguana.
The arrow barely misses the scorpion.
The iguana misses you.
You shoot an arrow. The arrow hits the iguana!
You kill the iguana!
You shoot an arrow. The arrow barely misses the scorpion.
The scorpion stings you but does no damage.
You shoot an arrow.
The arrow hits the scorpion but does no damage.
The scorpion stings you.
* * * LOW HITPOINT WARNING * * *
The scorpion closely misses you.
You shoot an arrow. The arrow hits the scorpion!
The scorpion is heavily wounded.
The scorpion stings you.
* * * LOW HITPOINT WARNING * * *
You are poisoned.
The scorpion poisons you!
You shoot an arrow. The arrow hits the scorpion.
The scorpion is heavily wounded.
* * * LOW HITPOINT WARNING * * *
You feel very sick. The scorpion stings you.
* * * LOW HITPOINT WARNING * * *
You are more poisoned.
The scorpion poisons you! The scorpion barely misses you.
You shoot an arrow.
The arrow hits the scorpion but does no damage.
The scorpion is heavily wounded.
You die...

.#..###.#..#########.#
####. #.#.##.........#
#. #.............##
### ##........#
#........# #........#
#####.#### ########.#
. #@.......# .> #
#s######.# ..
.####.##.######.# #.
................#
#........##.########
...### #.#
#..#.######.#
#...........#
....##.########


You could see a scorpion.

Vanquished Creatures
  Grinder (D:3)
  An ice beast (D:3)
  A scorpion (D:4)
  A bombardier beetle (D:4)
  2 orc priests (D:4)
  3 iguanas
  6 adders
  A white imp (D:4)
  A dart slug (D:5)
  2 ribbon worms
  7 orcs
  7 endoplasms
  A giant cockroach (D:2)
  6 goblins
  4 hobgoblins
  2 quokkas
  3 ball pythons
  3 bats
  A frilled lizard (D:2)
  5 kobolds
  5 rats
63 creatures vanquished.

Notes
Turn   | Place    | Note
-------+----------+-------------------------------------------
     0 | D:1      | AeshMezareph the Barachi Hunter began the quest for the
                  | Orb.
     0 | D:1      | Reached XP level 1. HP: 17/17 MP: 1/1
   108 | D:1      | Reached skill level 1 in Stealth
   167 | D:1      | Reached XP level 2. HP: 23/23 MP: 2/2
   490 | D:1      | Found a faded altar of an unknown god.
   731 | D:2      | You fall into a shaft and drop 1 floor!
   733 | D:3      | Found a broken altar of Ashenzari.
   860 | D:2      | Reached XP level 3. HP: 27/28 MP: 3/3
  1839 | D:3      | Noticed Grinder
  1951 | D:3      | Killed Grinder
  1952 | D:3      | Reached skill level 5 in Ranged Weapons
  1952 | D:3      | Reached XP level 4. HP: 37/37 MP: 4/4
  1952 | D:3      | Reached XP level 5. HP: 42/42 MP: 5/5
  1952 | D:3      | Reached XP level 6. HP: 48/48 MP: 6/6
  2658 | D:4      | Found a large runed translucent door.
  2658 | D:4      | Found a large runed translucent door.
  2658 | D:4      | Noticed aspa's ghost (amateur OpHW)
  2743 | D:4      | Reached XP level 7. HP: 39/55 MP: 4/7
  3025 | D:3      | Reached skill level 5 in Fighting
  3391 | D:5      | Entered Level 5 of the Dungeon
  3427 | D:5      | Noticed a hornet
  3616 | D:5      | Noticed Edmund
  3707 | D:6      | Found a runed translucent door.
  3713 | D:6      | Found a shimmering altar of Xom.
  3788 | D:6      | Succumbed to a scorpion's poison

Illustrated notes

Levels and vault maps discovered:
D:1:      dpeg_arrival_water_fire, layout_basic,
          shapermc_ecumenical_altar_notcrosses
D:2:      layout_rooms, nicolae_twisty_statue_hallways
D:3:      layout_basic, mainiacjoe_overflow_tiny_flanked, uniq_grinder
D:4:      layout_loops_ring, ebering_ghost_disaster_area
D:5:      layout_basic, mainiacjoe_overflow_alcove_1, hellmonk_no_cap,
          uniq_edmund
D:6:      layout_basic, vehumet_statue, mainiacjoe_overflow_paths,
          ebering_ghost_reflecting_pool

Skill      XL: |  1  2  3  4  5  6  7 |
---------------+----------------------+-----
Stealth        | 1 2 3 |  3.8
Fighting       | 4 5 |  5.1
Dodging        | 3 4 |  4.8
Ranged Weapons | 5 |  5.6

Action                     |  1- 3 |  4- 6 |  7- 9 || total
---------------------------+-------+-------+-------++-------
  Melee: Shortbow          |       |       |     8 ||     8
   Fire: Shortbow          |   122 |    81 |    73 ||   276
Ability: Hop               |     1 |     4 |     3 ||     8
    Use: Potion            |       |     1 |     3 ||     4
 Armour: Leather armour    |    27 |    20 |    36 ||    83
  Dodge: Dodged            |    30 |     7 |    42 ||    79

Table legend: (Time is in decaauts)
 A = Elapsed time spent in this place.
 B = Non-inter-level travel time spent in this place.
 C = Inter-level travel time spent in this place.
 D = Time resting spent in this place.
 E = Time spent auto-exploring this place.
 F = Levels seen in this place.
 G = Mean time per level.
                   A        B        C        D        E       F      G
               +--------+--------+--------+--------+--------+-----+--------+
         Total |   4390 |   4053 |    337 |    227 |   3147 |   6 |  731.7 |
       Dungeon |   4390 |   4053 |    337 |    227 |   3147 |   6 |  731.7 |
               +--------+--------+--------+--------+--------+-----+--------+

Top non-repeatable levels by time:
     D:4: 1383 daAuts
     D:3: 1264 daAuts
     D:1: 835 daAuts
     D:2: 676 daAuts
     D:6: 161 daAuts
     D:5: 69 daAuts
